 Dungeon Crawl Stone Soup version 0.20.0-15-g7f486f2 (console) character file.

2291 kroel the Gusty (level 9, 0/51 HPs)
             Began as a Halfling Air Elementalist on June 30, 2017.
             Was a Believer of Makhleb.
             Killed from afar by an orc wizard (13 damage)
             ... with a puff of flame
             ... on level 7 of the Dungeon.
             The game lasted 00:30:01 (4581 turns).

kroel the Gusty (Halfling Air Elementalist)         Turns: 4581, Time: 00:30:02

Health: 0/51       AC:  4    Str:  9    XL:     9   Next: 67%
Magic:  16/30      EV: 19    Int: 16    God:    Makhleb [**....]
Gold:   388        SH:  6    Dex: 15    Spells: 2/12 levels left

rFire    . . .     SeeInvis .   a - +2 dagger (venom)
rCold    . . .     Gourm    .   (shield restricted)
rNeg     . . .     Faith    .   h - +0 robe
rPois    .         Spirit   .   (no helmet)
rElec    .         Reflect  +   H - +0 cloak
rCorr    .         Harm     .   (no gloves)
MR       .....                  m - +0 pair of boots
Stlth    ++++......             A - +6 amulet of reflection
Regen    0.2/turn               u - ring of magical power
MPRegen  0.3/turn               E - ring of magical power

@: no status effects
A: mutation resistance 1
a: Minor Destruction, Renounce Religion


You were on level 7 of the Dungeon.
You worshipped Makhleb.
Makhleb was pleased with you.
You were near starving.

You visited 2 branches of the dungeon, and saw 8 of its levels.

You collected 388 gold pieces.

Inventory:

Hand Weapons
 a - a +2 dagger of venom (weapon)
 b - a +3 quarterstaff of chaos
 c - a +0 hunting sling
 d - a +0 dagger of pain
 z - a +0 rapier
Missiles
 f - 10 tomahawks (quivered)
 j - 54 poisoned needles
 k - 70 sling bullets
Armour
 h - a +0 robe (worn)
 m - a +0 pair of boots (worn)
 o - +0 fire dragon scales
 H - a +0 cloak (worn)
Jewellery
 u - a ring of magical power (left hand)
 y - an uncursed ring of flight
 A - a +6 amulet of reflection (around neck)
 E - a ring of magical power (right hand)
Wands
 F - a wand of flame (21/48)
Scrolls
 n - a scroll of amnesia
 p - 2 scrolls of remove curse
 r - a scroll of fog
 w - a scroll of enchant weapon
 J - 3 scrolls of recharging {unknown}
 M - 2 scrolls of fear
Potions
 e - a potion of berserk rage
 q - a potion of flight
 v - 2 potions of curing
 x - a potion of might
 B - 3 potions of lignification
 I - 2 potions of mutation {unknown}
 K - a potion of brilliance {unknown}
 L - 2 potions of degeneration {unknown}
Books
 g - a book of Air

   Spells                             Type                      Level
   a - Shock                          Conjuration/Air              1
   b - Swiftness                      Charms/Air                   2
   c - Static Discharge               Conjuration/Air              3
   d - Airstrike                      Air                          4
   e - Lightning Bolt                 Conjuration/Air              5
 i - a book of Callings

   Spells                             Type                      Level
   a - Summon Small Mammal            Summoning                    1
   b - Call Imp                       Summoning                    2
   c - Call Canine Familiar           Summoning                    3
   d - Summon Guardian Golem          Hexes/Summoning              3
   e - Summon Lightning Spire         Summoning/Air                4
   f - Summon Ice Beast               Ice/Summoning                4
 D - a book of Misfortune

   Spells                             Type                      Level
   a - Confusing Touch                Hexes                        1
   b - Confuse                        Hexes                        3
   c - Gell's Gravitas                Translocation                3
   d - Petrify                        Transmutation/Earth          4
   e - Metabolic Englaciation         Hexes/Ice                    5
   f - Yara's Violent Unravelling     Hexes/Transmutation          5
Comestibles
 s - a royal jelly
 t - 7 fruits
 C - 2 meat rations
 G - 6 bread rations
 N - a chunk of flesh


   Skills:
 - Level 1.0 Short Blades
 + Level 6.5 Dodging
 + Level 7.0 Stealth
 - Level 2.0 Spellcasting
 - Level 1.1 Conjurations
 * Level 4.8 Hexes
 + Level 7.3 Air Magic


You had 2 spell levels left.
You knew the following spells:

 Your Spells              Type           Power        Failure   Level  Hunger
a - Shock                 Conj/Air       ###.         3%          1    #......
b - Confuse               Hex            ###.....     9%          3    ###....
c - Airstrike             Air            ####......   10%         4    #####..
z - Swiftness             Chrm/Air       ##......     7%          2    ###....


Dungeon Overview and Level Annotations

Branches:
Dungeon (7/15)             Temple (1/1) D:5

Altars:
Ashenzari
Dithmenos
Elyvilon
Fedhas
Gozag
Hepliaklqana
Kikubaaqudgha
Makhleb
Nemelex Xobeh
Okawaru
Ru
Sif Muna
Trog
Uskayaw
Vehumet
Xom
Yredelemnul
Zin
The Shining One
Beogh

Annotations:
D:3 marsu's ghost, amateur HaFi


Innate Abilities, Weirdness & Mutations

You are small and have problems with some larger weapons.
You are somewhat resistant to further mutation.


Message History

You hit the orc wizard.
The orc wizard is poisoned.
The orc wizard is moderately wounded.
The orc wizard casts a spell.
The orc wizard blinks!
You block the orc wizard's attack.
The orc wizard gestures at you while chanting.
The magic dart hits you!
You barely miss the orc wizard.
The orc wizard is heavily wounded.
The orc wizard hits you with a dagger.
The orc wizard looks braver for a moment.
The orc wizard hits you but does no damage.
You barely miss the orc wizard.
The orc wizard is lightly wounded.
You hear the creaking of a distant portcullis.
The orc wizard points at you and mumbles some strange words.
The magic dart hits you!
* * * LOW HITPOINT WARNING * * *
The orc wizard gestures at you while chanting.
The puff of flame hits you!
You die...

..'..........#....#
..############....#
..................#
..................#
##........).......#
+.......)........#
#......))).......#
#................#
#.............o@o#
...#+#######+###'##
... .....ยง..o# ...
.....)...# ..
.........#
....o....#
#....##..# #....
#..# .... ...#


You could see 3 orc wizards and an orc.

Vanquished Creatures
  Sigmund (D:5)
  Eustachio (D:5)
  Menkaure (D:6)
  2 ogres
  3 centaurs
  2 bullfrogs (D:6)
  Blork the orc (D:6)
  2 scorpions
  3 killer bees (D:7)
  4 wights (D:6)
  A howler monkey (D:6)
  3 crimson imps
  A hound (D:6)
  A jelly (D:6)
  4 orc priests
  Crazy Yiuf (D:5)
  Terence (D:3)
  2 iguanas
  An orc wizard (D:7)
  Natasha (thrice) (D:2)
  6 worker ants
  A killer bee zombie (D:5)
  A hound skeleton (D:4)
  5 adders
  An ooze (D:2)
  An adder skeleton (D:4)
  An adder zombie (D:7)
  5 worms
  A leopard gecko (D:2)
  21 orcs
  8 giant cockroaches
  9 goblins
  4 hobgoblins
  13 jackals
  5 quokkas
  A ball python (D:5)
  7 bats
  8 frilled lizards
  7 kobolds
  2 leopard gecko skeletons (D:4)
  A quokka skeleton (D:5)
  3 rats
149 creatures vanquished.

Notes
Turn   | Place    | Note
-------+----------+-------------------------------------------
     0 | D:1      | kroel the Halfling Air Elementalist began the quest for the Orb.
     0 | D:1      | Reached XP level 1. HP: 11/11 MP: 3/3
   160 | D:1      | Reached XP level 2. HP: 17/17 MP: 4/4
   633 | D:2      | Reached skill level 1 in Conjurations
   633 | D:2      | Reached XP level 3. HP: 12/21 MP: 1/5
   736 | D:2      | Noticed Natasha
   744 | D:2      | Killed Natasha
   744 | D:2      | Reached skill level 1 in Short Blades
   744 | D:2      | Reached XP level 4. HP: 8/27 MP: 0/7
  1048 | D:2      | Noticed Natasha
  1124 | D:2      | Killed Natasha
  1164 | D:2      | Reached XP level 5. HP: 19/31 MP: 4/8
  1238 | D:2      | Noticed Natasha
  1402 | D:2      | Killed Natasha
  1477 | D:3      | Noticed Terence
  1514 | D:3      | Found a faded altar of an unknown god.
  1608 | D:3      | Killed Terence
  1786 | D:3      | Noticed an ogre
  1791 | D:3      | Learned a level 2 spell: Swiftness
  1837 | D:3      | Killed an ogre
  1837 | D:3      | Reached XP level 6. HP: 36/36 MP: 9/9
  1975 | D:3      | Noticed marsu's ghost (amateur HaFi)
  2111 | D:3      | Found a shimmering altar of Xom.
  2261 | D:4      | Found a glowing silver altar of Zin.
  2262 | D:4      | Noticed an angel
  2295 | D:4      | Reached skill level 5 in Air Magic
  2515 | D:4      | Reached XP level 7. HP: 41/41 MP: 10/10
  2565 | D:4      | Found a roughly hewn altar of Beogh.
  2748 | D:4      | Found a bloodstained altar of Trog.
  2810 | D:4      | Learned a level 3 spell: Confuse
  2962 | D:5      | Entered Level 5 of the Dungeon
  3038 | D:5      | Reached skill level 1 in Hexes
  3060 | D:5      | Found a staircase to the Ecumenical Temple.
  3080 | D:5      | Learned a level 4 spell: Airstrike
  3082 | Temple   | Entered the Ecumenical Temple
  3118 | Temple   | Became a worshipper of Makhleb the Destroyer
  3276 | D:5      | Reached XP level 8. HP: 46/46 MP: 11/11
  3333 | D:5      | Noticed Eustachio
  3356 | D:5      | Killed Eustachio
  3356 | D:5      | Reached skill level 5 in Dodging
  3356 | D:5      | Reached skill level 5 in Stealth
  3398 | D:5      | Found a runed door.
  3402 | D:5      | Noticed Crazy Yiuf
  3405 | D:5      | Killed Crazy Yiuf
  3634 | D:5      | Found a sparkling altar of Nemelex Xobeh.
  3634 | D:5      | Noticed Sigmund
  3640 | D:5      | Killed Sigmund
  3784 | D:6      | Reached * piety under Makhleb
  3792 | D:6      | Noticed Menkaure
  3891 | D:6      | Noticed Blork the orc
  3902 | D:6      | Killed Blork the orc
  3902 | D:6      | Reached XP level 9. HP: 35/51 MP: 12/12
  4048 | D:6      | Killed Menkaure
  4074 | D:6      | Found an opulent altar of Gozag.
  4177 | D:6      | Found a deep blue altar of Sif Muna.
  4354 | D:7      | Found a white marble altar of Elyvilon.
  4399 | D:7      | Found a sparkling altar of Nemelex Xobeh.
  4471 | D:7      | Reached ** piety under Makhleb
  4581 | D:7      | Killed from afar by an orc wizard

Skill      XL: |  1  2  3  4  5  6  7  8  9 |
---------------+----------------------------+-----
Conjurations   | 1 |  1.1
Short Blades   | 1 |  1.0
Spellcasting   | 2 |  2.0
Air Magic      | 4 5 6 7 |  7.3
Dodging        | 3 4 5 6 |  6.5
Stealth        | 3 4 5 7 |  7.0
Hexes          | 1 3 4 |  4.8

Action                   |  1- 3 |  4- 6 |  7- 9 || total
-------------------------+-------+-------+-------++-------
Melee: Dagger            |     8 |    22 |   104 ||   134
       Quarterstaff      |       |     1 |       ||     1
 Fire: Hunting sling     |       |    12 |       ||    12
Throw: Tomahawk          |     1 |     7 |       ||     8
 Cast: Shock             |    25 |   129 |   154 ||   308
       Swiftness         |       |     1 |       ||     1
       Airstrike         |       |       |     7 ||     7
       Confuse           |       |       |     1 ||     1
  Use: Scroll            |       |     6 |     9 ||    15
       Potion            |       |       |     3 ||     3
 Stab: Sleeping          |     3 |     2 |    10 ||    15
  Eat: Chunk             |       |    10 |    10 ||    20
Armor: Robe              |     2 |     8 |    16 ||    26
Dodge: Dodged            |    17 |    70 |   139 ||   226
Block: Other             |       |    13 |    47 ||    60
       Reflection        |       |       |     2 ||     2
